 Seeded DCSS version 0.29-a0-103-g37f86683bf (webtiles) character file.

Game seed: 14170707254914296531 (custom seed)

3 Ratty the Scratcher (level 1, 0/9 HPs)
             Began as a Felid Transmuter on Feb 15, 2022.
             Slain by a bat (1 damage)
             ... on level 1 of the Dungeon.
             The game lasted 00:01:56 (418 turns).

Ratty the Scratcher (Felid Transmuter)               Turns: 418, Time: 00:01:56

Health: 0/9        AC:  1    Str:  6    XL:     1   Next: 41%
Magic:  3/4        EV: 21    Int: 14    God:
Gold:   30         SH:  0    Dex: 16    Spells: 3/4 levels left
                                        Lives:  0   Deaths: 0

rFire   . . .      SeeInvis +     - Unarmed
rCold   . . .      Faith    .   (shield unavailable)
rNeg    . . .      Spirit   .   (armour unavailable)
rPois   .          Reflect  .   (helmet unavailable)
rElec   .          Harm     .   (cloak unavailable)
rCorr   .          Rampage  .   (gloves unavailable)
Will    .....                   (boots unavailable)
Stlth   +.........              (no amulet)
HPRegen 0.03/turn               h - +4 ring of evasion
MPRegen 0.09/turn               (no ring)

@: appendages, quick
A: horns 2, very small, claws 1, fangs 3, see invisible, speed 1, shaggy fur 1,
stealthy paws, no weapons or thrown items, no armour, multi-lived
a: End Transformation


You were on level 1 of the Dungeon.
You had temporarily grown beastly horns.
You visited 1 branch of the dungeon, and saw 1 of its levels.

You collected 30 gold pieces.

Inventory:

Hand Weapons
 c - a +0 hand axe
Missiles
 e - 9 arrows
 g - 13 stones
 i - 14 sling bullets
Armour
 f - a +0 robe
Jewellery
 h - a +4 ring of evasion (left paw)
Scrolls
 a - a scroll of enchant weapon {unknown}
 b - a scroll of acquirement {unknown}
 d - a scroll of fog {unknown}


   Skills:
 + Level 1.0 Fighting
 + Level 2.8 Dodging
 + Level 3.1 Unarmed Combat
 + Level 2.1 Spellcasting
 + Level 2.1 Transmutations


You had 3 spell levels left.
You knew the following spells:

 Your Spells              Type           Power      Damage    Failure   Level
a - Beastly Appendage     Tmut           14%        N/A       10%         1

Your spell library contained the following spells:

 Spells                   Type           Power      Damage    Failure   Level
 Wereblood                Tmut           7%         N/A       14%         2
 Spider Form              Tmut/Pois      4%         N/A       41%         3
 Ice Form                 Ice/Tmut       4%         N/A       83%         4


Dungeon Overview and Level Annotations

Branches:
Dungeon (1/15)

Altars:


Innate Abilities, Weirdness & Mutations

You have temporarily grown beastly horns.
You have sharp claws.
You have razor-sharp teeth.
You have supernaturally acute eyesight. (SInv)
You cover ground quickly. (Speed+)
You are covered in fur. (AC +1)
Your paws help you pounce on unaware monsters.
You are incapable of wielding weapons or throwing items.
You cannot wear armour.
You gain extra lives every three experience levels.


Message History

The bat completely misses you. The bat completely misses you.
Found a gnarled jewelled staff.
Found an escape hatch in the floor.
The bat misses you. The bat misses you.
Your transformation is almost over.
The bat hits you.
You scratch the bat. You bite the bat.
The bat is heavily wounded.
The bat barely misses you. The bat barely misses you. The bat misses you.
The bat misses you. The bat hits you but does no damage. The bat hits you.
* * * LOW HITPOINT WARNING * * *
Casting: Beastly Appendage (safe; 10% risk of failure)
Press: ? - help, Q - select action Dir - look around, f - activate You extend your transformation's duration.
The bat completely misses you. The bat hits you.
* * * LOW HITPOINT WARNING * * *
The bat completely misses you.
Your transformation is almost over.
The bat misses you. The bat completely misses you. The bat barely misses you.
The bat completely misses you. The bat closely misses you. The bat misses you.
The bat closely misses you. The bat misses you.
You scratch the bat but do no damage. Your bite misses the bat.
Your horns disappear.
The bat misses you. The bat hits you.
* * * LOW HITPOINT WARNING * * *
Casting: Beastly Appendage (safe; 10% risk of failure)
Press: ? - help, Q - select action Dir - look around, f - activate You grow a pair of large bovine horns.
The bat hits you.
You die...

#..#########
...#.......#
.>.#.##'##.######
...#.#...# #...|##
#..#.#.<.# #.....##
...#.##+## #......#
#..+.+ #....>.#
#..#'#######......#
...........w...b@.#
#.................#
#.................#
..#..............##
#........##.....##
#.###.##.########
#.# #..#.# #.#
##.#.# #.# #...#


You could see a dart slug and a bat.

Vanquished Creatures
  A kobold (D:1)
  A ball python (D:1)
  2 rats (D:1)
4 creatures vanquished.

Notes
Turn   | Place    | Note
-------+----------+-------------------------------------------
     0 | D:1      | Ratty the Felid Transmuter began the quest for the Orb.
     0 | D:1      | Reached XP level 1. HP: 9/9 MP: 4/4
   418 | D:1      | Slain by a bat

Illustrated notes

Levels and vault maps discovered:
D:1:      ncdulo_smallfort, layout_rooms, shapermc_ecumenical_altar_mp_highgroup

Action                   || total
-------------------------++-------
Melee: Unarmed           ||     8
       Bite              ||     2
       Headbutt          ||     1
 Cast: Beastly Appendage ||    10
Armor: Skin              ||     4
Dodge: Dodged            ||    41

Table legend: (Time is in decaauts)
 A = Elapsed time spent in this place.
 B = Non-inter-level travel time spent in this place.
 C = Inter-level travel time spent in this place.
 D = Time resting spent in this place.
 E = Time spent auto-exploring this place.
 F = Levels seen in this place.
 G = Mean time per level.
                   A        B        C        D        E       F      G
               +--------+--------+--------+--------+--------+-----+--------+
         Total |    339 |    339 |      0 |      0 |      0 |   1 |  339.0 |
       Dungeon |    339 |    339 |      0 |      0 |      0 |   1 |  339.0 |
               +--------+--------+--------+--------+--------+-----+--------+

Top non-repeatable levels by time:
     D:1: 339 daAuts
